AoeStats
← Carple

Fortress

508377467Analyzed
4v4 RM · 11d ago on Sep 22, 2026· 50m 15s· 8 players
Game mode
Random Map
Map size
Huge
Population
200
Speed
Normal
Resources
Standard
Victory
Conquest
Starting age
Dark Age
Ending age
Imperial Age
RankedLock teamsTeams togetherTeam positionsShared explorationLock speedFull tech treeHidden civsTurbo modeCheats
Victory
Defeat
🇹🇷 Bohemians · Türkiye
971
+15
🇨🇦 Japanese · Canada
928
+16
🇨🇦 Teutons · Canada
923
+17
🇧🇪 Turks · Belgium
858
+19
🇨🇳 Bohemians · China
1000
-59
🇨🇳 Cumans · China
932
-17
🇮🇳 Italians · India
928
-16
🇹🇼 Burgundians · Taiwan
883
-15
vinsin4105
8:42 Feudal Age
13:26 Castle Age
12:00 Double-Bit Axe
12:33 Horse Collar
12:51 Fletching
24:28 Imperial Age
21:47 Town Watch
23:14 Wheelbarrow
22:57 Bodkin Arrow
23:05 Padded Archer Armor
25:01 Leather Archer Armor
28:39 Conscription
32:23 Hand Cart
32:08 Town Patrol
37:02 Elite Genoese Crossbowman
38:09 Bow Saw
38:03 Heavy Plow
u9313317
3:20 Double-Bit Axe
4:06 Loom
5:05 Horse Collar
9:44 Feudal Age
16:26 Castle Age
15:18 Scale Barding Armor
15:24 Forging
16:10 Heavy Plow
16:21 Bow Saw
17:24 Gold Mining
17:26 Stone Mining
18:45 Two-Man Saw
22:21 Imperial Age
21:20 Forging
21:16 Husbandry
20:45 Light Cavalry
22:26 Wheelbarrow
21:38 Town Watch
22:28 Cavalier
23:44 Scale Barding Armor
25:59 Hand Cart
27:05 Chain Barding Armor
29:10 Iron Casting
29:41 Plate Barding Armor
36:06 Fletching
36:17 Padded Archer Armor
37:18 Blast Furnace
36:09 Elite Skirmisher
38:26 Paladin
38:27 Hussar
39:06 Bodkin Arrow
39:27 Leather Archer Armor
40:46 Bracer
42:57 Scale Mail Armor
43:29 Squires
42:52 Pikeman
43:18 Arson
44:21 Crop Rotation
3977169589
5:23 Feudal Age
6:51 Wheelbarrow
6:37 Double-Bit Axe
13:43 Horse Collar
19:56 Castle Age
36:33 Bow Saw
只会种田别打我
7:10 Feudal Age
9:17 Double-Bit Axe
16:49 Castle Age
15:18 Horse Collar
15:36 Stone Mining
15:40 Gold Mining
18:24 Bow Saw
18:15 Heavy Plow
21:43 Wheelbarrow
23:53 Gold Shaft Mining
23:56 Steppe Husbandry
24:52 Forging
24:47 Scale Barding Armor
24:35 Fletching
25:47 Loom
28:33 Imperial Age
27:14 Iron Casting
26:39 Scale Mail Armor
27:25 Bloodlines
28:36 Caravan
28:59 Hand Cart
29:02 Chain Mail Armor
28:35 Elite Steppe Lancer
29:44 Conscription
33:16 Blast Furnace
32:46 Plate Mail Armor
33:51 Cuman Mercenaries
36:37 Ballistics
36:55 Light Cavalry
Carple
6:55 Feudal Age
7:25 Double-Bit Axe
8:38 Horse Collar
12:36 Castle Age
10:47 Gold Mining
11:18 Arson
11:38 Scale Mail Armor
11:53 Forging
12:21 Scale Mail Armor
13:36 Bow Saw
13:47 Squires
17:58 Iron Casting
18:51 Chain Mail Armor
18:24 Loom
20:35 Wheelbarrow
21:51 Town Watch
23:03 Heavy Plow
23:22 Stone Mining
24:24 Gambesons
27:10 Hand Cart
32:46 Imperial Age
33:07 Elite Samurai
34:10 Conscription
34:53 Blast Furnace
34:24 Plate Mail Armor
33:30 Capped Ram
42:39 Pikeman
45:43 Town Patrol
45:59 Fletching
46:10 Padded Archer Armor
46:16 Scale Barding Armor
46:26 Spies/Treason
Franky
8:40 Feudal Age
11:47 Wheelbarrow
11:03 Double-Bit Axe
11:24 Horse Collar
14:13 Castle Age
15:33 Hand Cart
15:33 Bow Saw
15:29 Heavy Plow
23:49 Imperial Age
21:41 Padded Archer Armor
23:09 Leather Archer Armor
26:05 Ring Archer Armor
29:06 Scale Barding Armor
29:13 Forging
42:42 Elite Janissary
43:43 Conscription
43:49 Artillery
44:14 Chain Barding Armor
44:30 Iron Casting
45:13 Bloodlines
45:04 Husbandry
44:24 Heavy Camel Rider
46:39 Spies/Treason
recon
8:15 Feudal Age
9:52 Double-Bit Axe
9:50 Horse Collar
13:29 Castle Age
14:21 Wheelbarrow
16:13 Stone Mining
20:47 Scale Mail Armor
20:59 Forging
23:59 Hand Cart
25:17 Squires
25:27 Scale Barding Armor
25:19 Gold Mining
26:33 Pikeman
26:34 Man-at-Arms
27:58 Gambesons
32:27 Iron Casting
32:08 Chain Mail Armor
31:46 Fletching
32:17 Chain Barding Armor
31:58 Padded Archer Armor
35:17 Imperial Age
35:42 Bodkin Arrow
35:10 Long Swordsman
35:19 Halberdier
35:25 Capped Ram
35:28 Elite Teutonic Knight
37:16 Blast Furnace
36:46 Plate Mail Armor
36:01 Two-Handed Swordsman
41:29 Champion
cormano
8:35 Feudal Age
13:19 Castle Age
11:12 Horse Collar
11:19 Double-Bit Axe
16:34 Wheelbarrow
17:23 Chemistry
27:53 Imperial Age
30:44 Pikeman
31:25 Squires
31:11 Arson
34:08 Scale Mail Armor
34:19 Forging
34:44 Conscription
35:06 Bow Saw
34:45 Halberdier
38:29 Chain Mail Armor
38:49 Iron Casting
43:02 Plate Mail Armor
43:33 Blast Furnace
46:15 Ballistics
45:59 Padded Archer Armor
47:16 Leather Archer Armor
47:14 Wagenburg Tactics
48:30 Ring Archer Armor
49:16 Fletching
Connection lost

Rejoining the realm…

Still unreachable

The connection could not be restored.

Session expired

The server has moved on; the page needs a fresh start.